 Dungeon Sprint DCSS version 0.17-a0-1691-g18a3847 (webtiles) character file.

214 patman the Spear-Bearer (level 6, 0/47 HPs)
             Began as a Formicid Fighter on Aug 20, 2015.
             Succumbed to a worker ant's poison
             ... in the Dungeon (Sprint IX: "|||||||||||||||||||||||||||||").
             The game lasted 00:00:54 (72 turns).

patman the Spear-Bearer (Formicid Fighter)            Turns: 72, Time: 00:00:54

Health: 0/47       AC:  6    Str: 23    XL:     6   Next: 14%
Magic:  6/6        EV:  8    Int:  7    God:
Gold:   0          SH:  9    Dex: 10    Spells: 0 memorised, 5 levels left

rFire  . . .     SeeInvis +     a - +0 trident
rCold  . . .     Clarity  .     b - +0 scale mail
rNeg   . . .     SustAt   .     c - +0 shield
rPois  .         Gourm    .     (helmet unavailable)
rElec  .         Spirit   .     (no cloak)
rCorr  .         Warding  .     (no gloves)
rMut   .         Stasis   +     (no boots)
MR     .....                    (no amulet)
Stlth  ..........               (no ring)
                                (no ring)

@: lethally poisoned (0 -> -2), not resistant to hostile enchantments, extremely
unstealthy
A: permanent stasis, dig shafts and tunnels, four strong arms, antennae 3
a: Dig


You were in the Dungeon.
You were not hungry.

You visited 1 branch

Inventory:

Hand weapons
 a - a +0 trident (weapon)
Armour
 b - a +0 scale mail (worn)
 c - a +0 shield (worn)
Scrolls
 k - a scroll of blinking
Potions
 d - a potion of might
 h - a potion of haste
 i - 2 potions of magic
 j - a potion of berserk rage
Comestibles
 e - a bread ration


   Skills:
 - Level 3.2 Fighting
 + Level 11.6 Polearms
 - Level 3.2 Armour
 - Level 3.6 Shields


You had 5 spell levels left.
You didn't know any spells.

Dungeon Overview and Level Annotations

Branches:
Dungeon (1/1)

Altars:
Kikubaaqudgha
Makhleb
Okawaru
Vehumet
Xom
Yredelemnul
Zin
The Shining One


Innate Abilities, Weirdness & Mutations

You are under a permanent stasis effect.
You can dig through walls and to a lower floor.
Your four strong arms can wield two-handed weapons with a shield.
You have a pair of large antennae on your head (SInv).


Message History

You have reached level 6!
Your experience leads to an increase in your attributes!
Increase (S)trength, (I)ntelligence, or (D)exterity?
You feel stronger.
Unknown command.
There is a lethal amount of poison in your body!
* * * LOW HITPOINT WARNING * * *
You feel sick.
Things that are here:
an uncursed shortbow; 15 arrows of frost
* * * LOW HITPOINT WARNING * * *
You feel sick.
* * * LOW HITPOINT WARNING * * *
You feel sick.
You open the door.
Found six altars.
Unknown command.
Found an iron altar of Okawaru.
There is an open door to the Temple here.
You die... {{ ▓▓▓▓▓▓▓▓▓▓▓▓▓▓▓▓▓▓▓▓▓▓▓▓ ...)....())....'@_______ ▓▓▓▓▓▓▓▓▓▓▓▓▓▓▓▓▓▓▓▓▓▓▓▓

There were no monsters in sight!

Vanquished Creatures
  2 centaurs (D)
  2 worker ants (D)
  2 goblins (D)
  2 bats (D)
  A giant gecko (D)
  A rat (D)
10 creatures vanquished.

Notes
Turn   | Place    | Note
--------------------------------------------------------------
     0 | D        | patman the Formicid Fighter began the quest for the Orb.
     0 | D        | Reached XP level 1. HP: 18/18 MP: 1/1
    23 | D        | Noticed a worker ant
    23 | D        | Noticed a centaur
    23 | D        | Noticed a worker ant
    23 | D        | Noticed a centaur
    25 | D        | Reached skill level 4 in Polearms
    34 | D        | Killed a worker ant
    34 | D        | Reached skill level 6 in Polearms
    34 | D        | Reached XP level 2. HP: 9/24 MP: 2/2
    34 | D        | Reached XP level 3. HP: 10/29 MP: 3/3
    47 | D        | Killed a centaur
    47 | D        | Reached skill level 9 in Polearms
    47 | D        | Reached XP level 4. HP: 27/35 MP: 4/4
    47 | D        | Reached XP level 5. HP: 31/41 MP: 5/5
    59 | D        | Killed a worker ant
    59 | D        | Reached skill level 10 in Polearms
    64 | D        | Killed a centaur
    64 | D        | Reached skill level 11 in Polearms
    64 | D        | Reached XP level 6. HP: 3/47 MP: 6/6
    65 | D        | HP: 2/47 [poisoned by a worker ant]
    70 | D        | Found a glowing silver altar of Zin.
    70 | D        | Found a glowing golden altar of the Shining One.
    70 | D        | Found an ancient bone altar of Kikubaaqudgha.
    70 | D        | Found a basalt altar of Yredelemnul.
    70 | D        | Found a shimmering altar of Xom.
    70 | D        | Found a radiant altar of Vehumet.
    71 | D        | Found an iron altar of Okawaru.
    72 | D        | Found a burning altar of Makhleb.
    72 | D        | Succumbed to a worker ant's poison

Vault maps used:
D:        linesprint

Action                   |  1- 3 |  4- 6 || total
-------------------------+-------+-------++-------
Melee: Trident           |    34 |    16 ||    50
  Use: Potion            |     2 |       ||     2
